 Dungeon Crawl Stone Soup version 0.25-a0-614-g73ad250 (webtiles) character file.

Game seed: 378055388398898470, levelgen mode: deterministic

322 Faca the Skirmisher (level 6, 0/51 HPs)
             Began as a Human Fighter on Mar 17, 2020.
             Slain by an orc
             ... wielding a +0 mace
              (3 damage)
             ... on level 2 of the Dungeon.
             The game lasted 00:05:16 (2299 turns).

Faca the Skirmisher (Human Fighter)                 Turns: 2299, Time: 00:05:17

Health: 0/51       AC: 12    Str: 18    XL:     6   Next: 76%
Magic:  6/6        EV:  4    Int:  8    God:
Gold:   81         SH: 10    Dex: 13    Spells: 5/5 levels left

rFire    . . .     SeeInvis .   a - +1 long sword
rCold    . . .     Gourm    .   c - +1 kite shield
rNeg     . . .     Faith    .   h - +0 chain mail
rPois    .         Spirit   .   (no helmet)
rElec    .         Reflect  .   (no cloak)
rCorr    .         Harm     .   g - +2 pair of gloves
MR       .....                  (no boots)
Stlth    ..........             (no amulet)
HPRegen  0.17/turn              (no ring)
MPRegen  0.10/turn              (no ring)

@: hasted, very quick
A: no striking features
a: no special abilities


You were on level 2 of the Dungeon.
You were not hungry.

You visited 1 branch of the dungeon, and saw 3 of its levels.

You collected 81 gold pieces.

Inventory:

Hand Weapons
 a - a +1 long sword (weapon)
Armour
 c - a +1 kite shield (worn)
 g - a +2 pair of gloves (worn)
 h - a +0 chain mail (worn)
Scrolls
 e - a scroll of enchant weapon
Potions
 j - 3 potions of curing {unknown}
Comestibles
 f - 6 rations


   Skills:
 + Level 5.4 Fighting
 + Level 4.8 Long Blades
 - Level 3.0 Armour
 - Level 3.0 Shields


You had 5 spell levels left.
You didn't know any spells.
Your spell library contained the following spells:

 Spells                   Type           Power        Failure   Level  Hunger
 Beastly Appendage        Tmut           #.....       100%        1    ##.....
 Sticks to Snakes         Tmut           #.......     100%        2    ###....
 Spider Form              Tmut/Pois      #.........   100%        3    ####...
 Ice Form                 Ice/Tmut       #.......     100%        4    #####..
 Blade Hands              Tmut           #.........   100%        5    ######.


Dungeon Overview and Level Annotations

Branches:
Dungeon (3/15)

Altars:
Dithmenos


Message History

The orc hits you but does no damage.
You hit the orc but do no damage. You block the orc's attack.
The orc hits you but does no damage. x2
You hit the orc.
The orc is moderately wounded.
You block the orc's attack.
Your shield prevents you from hitting the orc.
The orc is moderately wounded.
The orc hits you with a +0 mace.
* * * LOW HITPOINT WARNING * * *
The orc hits you with a cursed -1 flail.
* * * LOW HITPOINT WARNING * * *
You hit the orc but do no damage.
The orc is moderately wounded.
The orc hits you with a +0 mace.
* * * LOW HITPOINT WARNING * * *
The orc hits you but does no damage.
It was a potion of haste.
You feel yourself speed up. The orc hits you with a +0 mace.
You die...

#...#...#
######...#.#.########
#....................
#.##.#...##.#########
#.##.#...##.# #....#
#....#...##.# #.##.#
####.#.#.##.####.....
#o#...##.#.....#..
#@o...............
####.###.#........
#............###.
#...##.........#.
#...##.#####...#.
#...##.#^......#.
#####.......#.##.
#.......#.##.
#.......#.##.


You could see 2 orcs.

Vanquished Creatures
  Sigmund (D:2)
  An orc wizard (D:3)
  3 adders (D:2)
  An ooze (D:1)
  4 worms (D:2)
  2 dart slugs
  2 leopard geckos
  2 orcs
  2 ball pythons (D:1)
  A giant cockroach (D:3)
  10 hobgoblins
  14 jackals
  3 quokkas (D:2)
  10 bats
  6 frilled lizards
  9 goblins
  10 kobolds
  7 rats
88 creatures vanquished.

Notes
Turn   | Place    | Note
-------+----------+-------------------------------------------
     0 | D:1      | Faca the Human Fighter began the quest for the Orb.
     0 | D:1      | Reached XP level 1. HP: 18/18 MP: 1/1
   277 | D:1      | Reached XP level 2. HP: 18/24 MP: 2/2
   455 | D:1      | Reached XP level 3. HP: 17/29 MP: 3/3
   829 | D:1      | Reached XP level 4. HP: 35/37 MP: 4/4
  1050 | D:2      | Reached skill level 4 in Fighting
  1359 | D:2      | Noticed Sigmund
  1386 | D:2      | Killed Sigmund
  1386 | D:2      | Reached skill level 5 in Fighting
  1386 | D:2      | Reached XP level 5. HP: 10/44 MP: 5/5
  1386 | D:2      | Reached XP level 6. HP: 11/51 MP: 6/6
  2064 | D:2      | Found a shadowy altar of Dithmenos.
  2298 | D:2      | HP: 2/51 [orc/+0 mace (3)]
  2299 | D:2      | Slain by an orc

Levels and vault maps discovered:
D:1:      dpeg_arrival_morbid_curiosity, layout_basic
D:2:      minmay_door_path, layout_basic, lemuel_coloured_pillars_altar,
          first_ration, uniq_sigmund
D:3:      layout_loops_ring, makhleb_heckhound_becter,
          nicolae_qazlal_eye_of_the_storm, lemuel_doored_altar,
          minmay_misc_feat_rows, corner_web_ring, glass_columns_b

Skill      XL: |  1  2  3  4 |
---------------+-------------+-----
Long Blades    | 3 4 |  4.8
Fighting       | 5 |  5.4
Armour         | |  3.0
Shields        | |  3.0

Action                   |  1- 3 |  4- 6 || total
-------------------------+-------+-------++-------
Melee: Long sword        |   119 |   198 ||   317
  Use: Scroll            |       |     6 ||     6
       Potion            |       |     3 ||     3
  Eat: Chunk             |       |     5 ||     5
Armor: Scale mail        |    52 |       ||    52
       Chain mail        |    31 |   159 ||   190
Dodge: Dodged            |    55 |    44 ||    99
Block: Kite shield       |    73 |   112 ||   185
       Rpst.: Long sword |    19 |     7 ||    26

Table legend:
 A = Non-vault XP
 B = Vault XP
 C = Vault XP percentage of total XP
 D = Non-vault monster count
 E = Vault monster count
 F = Vault count percentage of total count
                 A         B        C        D         E       F
            +---------+---------+-------+---------+---------+-------
      Total |     201 |     259 |  56.3 |      76 |      12 |  13.6
            +---------+---------+-------+---------+---------+-------
        D:1 |      71 |       8 |  10.1 |      40 |       5 |  11.1
        D:2 |      88 |     251 |  74.0 |      32 |       7 |  17.9
        D:3 |      42 |       0 |   0.0 |       4 |       0 |   0.0
            +---------+---------+-------+---------+---------+-------
